AoeStats
← RagnarLothbrok

Nomad

509320606Analyzed
4v4 RM · 5d ago on Sep 26, 2026· 40m 34s· 8 players
Game mode
Random Map
Map size
231×231
Population
200
Speed
Normal
Resources
Standard
Victory
Conquest
Starting age
Dark Age
Ending age
Imperial Age
RankedLock teamsTeams togetherTeam positionsShared explorationLock speedFull tech treeHidden civsTurbo modeCheats
Victory
Defeat
🇨🇳 Koreans · China
1377
+15
🇻🇳 Vikings · Vietnam
1362
+16
🇨🇳 Persians · China
1349
+16
🇨🇳 Inca · China
1302
+19
🇻🇪 Wei · Venezuela
1377
-17
🇵🇱 Huns · Poland
1365
-17
🇩🇪 Tatars · Germany
1339
-16
🇳🇴 Hindustanis · Norway
1336
-16
长相犯罪
4:37 Loom
13:30 Feudal Age
14:56 Double-Bit Axe
15:03 Gold Mining
15:40 Fishing Lines
19:06 Castle Age
17:10 Fletching
17:22 Padded Archer Armor
17:16 Stone Mining
19:04 Wheelbarrow
19:22 Scale Barding Armor
19:28 Forging
19:43 Bow Saw
19:32 Gillnets
20:47 Medium Warships
21:20 Gold Shaft Mining
21:25 Stone Shaft Mining
25:09 Bodkin Arrow
25:30 Leather Archer Armor
28:49 Imperial Age
28:08 Bloodlines
28:01 Horse Collar
28:45 Heavy Plow
28:42 Cavalier
29:24 Husbandry
30:47 Town Watch
31:19 Hand Cart
31:45 Guilds
32:22 Crop Rotation
31:52 Savar
38:02 Chain Barding Armor
38:17 Iron Casting
征南大将军
3:21 Loom
13:54 Feudal Age
15:35 Gold Mining
16:37 Double-Bit Axe
20:24 Castle Age
19:21 Stone Mining
22:39 Bow Saw
24:34 Horse Collar
25:30 Wheelbarrow
25:36 Heavy Plow
27:00 Hand Cart
27:53 Gold Shaft Mining
27:59 Fletching
29:11 Stone Shaft Mining
29:57 Husbandry
30:51 Bodkin Arrow
34:20 Imperial Age
31:35 Town Watch
32:54 Treadmill Crane
33:55 Ballistics
34:13 Eupseong
34:33 Murder Holes
34:48 Masonry
36:04 Chemistry
35:26 Conscription
35:10 Bracer
36:29 Thumb Ring
37:28 Architecture
36:49 Arrowslits
38:23 Two-Man Saw
38:38 Siege Engineers
40:23 Town Patrol
bina
5:12 Loom
12:42 Feudal Age
13:14 Double-Bit Axe
15:02 Fishing Lines
19:13 Castle Age
17:21 Gold Mining
18:00 Fletching
18:26 Padded Archer Armor
18:22 Stone Mining
20:39 Bow Saw
20:10 Horse Collar
21:41 Stone Mining
24:12 Bodkin Arrow
27:27 Town Watch
30:45 Imperial Age
28:23 Crossbowman
29:19 Leather Archer Armor
29:08 Scale Mail Armor
29:19 Forging
28:55 Pikeman
29:35 Squires
29:21 Arson
32:27 Gillnets
39:35 Chieftains
40:29 Chain Mail Armor
knife
13:33 Feudal Age
14:24 Town Watch
17:15 Castle Age
15:57 Double-Bit Axe
15:55 Fishing Lines
17:15 Gold Mining
18:11 Bow Saw
18:47 Medium Warships
19:06 Gillnets
19:56 Loom
23:14 Clinker Construction
24:06 Wheelbarrow
25:50 Hand Cart
26:12 Gold Shaft Mining
28:35 Imperial Age
27:05 Forging
26:56 Scale Mail Armor
27:12 Careening
29:49 Heavy Warships
29:52 Dry Dock
29:25 Champi Runner
30:05 Squires
30:43 Iron Casting
30:23 Chain Mail Armor
31:06 Champi Warrior
31:51 Horse Collar
33:27 Chemistry
34:19 Fletching
35:25 Plate Mail Armor
35:06 Elite Champi Warrior
36:24 Fabric Shields
36:44 Conscription
38:00 Blast Furnace
40:06 Elite Kamayuk
RagnarLothbrok
6:19 Loom
14:42 Feudal Age
16:06 Double-Bit Axe
16:07 Horse Collar
18:49 Castle Age
17:51 Forging
18:42 Wheelbarrow
19:46 Bow Saw
19:37 Heavy Plow
19:53 Medium Warships
22:53 Town Watch
27:11 Town Patrol
28:14 Stone Mining
28:20 Gold Mining
30:17 Iron Casting
29:59 Scale Barding Armor
33:19 Imperial Age
31:43 Bloodlines
33:19 Chain Barding Armor
Apo
13:52 Feudal Age
12:42 Loom
17:38 Castle Age
15:45 Double-Bit Axe
17:32 Horse Collar
18:49 Bow Saw
18:44 Heavy Plow
19:41 Wheelbarrow
23:10 Stone Mining
23:12 Gold Mining
23:40 Scale Barding Armor
23:45 Forging
24:38 Bloodlines
24:29 Husbandry
26:30 Chain Barding Armor
28:21 Iron Casting
38:31 Imperial Age
36:18 Hand Cart
39:55 Plate Barding Armor
38:52 Elite Steppe Lancer
41:35 Blast Furnace
Borowik
11:11 Loom
15:32 Feudal Age
17:06 Double-Bit Axe
20:32 Castle Age
18:31 Horse Collar
20:08 Fletching
22:09 Medium Warships
22:47 Bow Saw
24:53 Heavy Plow
26:41 Bodkin Arrow
26:56 Forging
29:25 Gold Mining
30:39 Fishing Lines
33:46 Imperial Age
32:13 Bloodlines
32:03 Husbandry
33:02 Gold Shaft Mining
32:51 Bloodlines
34:00 Wheelbarrow
33:10 Town Watch
33:40 Scale Barding Armor
34:23 Cavalier
35:20 Hand Cart
36:24 Two-Man Saw
36:21 Iron Casting
36:55 Light Cavalry
36:56 Paladin
KRYPTAERNN
4:22 Loom
13:24 Feudal Age
17:56 Castle Age
16:43 Bloodlines
17:06 Double-Bit Axe
18:10 Scale Barding Armor
21:04 Bow Saw
21:11 Horse Collar
25:02 Chain Barding Armor
25:49 Fishing Lines
33:56 Imperial Age
32:12 Wheelbarrow
31:59 Husbandry
32:25 Forging
33:09 Hand Cart
34:05 Heavy Camel Rider
34:07 Siege Elephant
35:01 Man-at-Arms
36:21 Squires
35:44 Long Swordsman
36:49 Heavy Plow
Connection lost

Rejoining the realm…

Still unreachable

The connection could not be restored.

Session expired

The server has moved on; the page needs a fresh start.